 Dungeon Crawl Stone Soup version 0.31-a0-986-g5e6e4ef867 (webtiles) character file.

Game seed: 8007371187775465496

37 porpoise the Vexing (level 3, -6/24 HPs)
             Began as a Demonspawn Enchanter on Nov 4, 2023.
             Mangled by Natasha (8 damage)
             ... on level 2 of the Dungeon.
             The game lasted 00:05:05 (1048 turns).

porpoise the Vexing (Demonspawn Enchanter)          Turns: 1048, Time: 00:05:05

Health: -6/24      AC:  2    Str:  8    XL:     3   Next: 21%
Magic:  6/6        EV: 12    Int: 18    God:
Gold:   109        SH:  0    Dex: 13    Spells: 1/6 levels left

rFire   . . .        a - +1 dagger
rCold   . . .        (no shield)
rNeg    . . .        b - +0 robe
rPois   .            (no helmet)
rElec   .            (no cloak)
rCorr   .            (no gloves)
SInv    .            (no boots)
Will    .....        (no amulet)
Stlth   ++           (no ring)
HPRegen 0.24/turn    (no ring)
MPRegen 0.10/turn

%: no passive effects
@: no status effects
A: demonic guardian 1
a: no special abilities


You were on level 2 of the Dungeon.
You visited 1 branch of the dungeon, and saw 2 of its levels.

You collected 109 gold pieces.

Inventory:

Hand Weapons
 a - a +1 dagger (weapon)
Missiles
 g - 3 poisoned darts (quivered)
Armour
 b - a +0 robe (worn)
 f - an orb of energy
Scrolls
 e - a scroll of blinking {unknown}
Potions
 c - 2 potions of invisibility
 d - 2 potions of might {unknown}


   Skills:
 + Level 1.8 Short Blades
 - Level 1.7 Dodging
 - Level 2.6 Stealth
 - Level 2.3 Spellcasting
 + Level 3.4 Hexes
 + Level 0.5 Ice Magic


You had one spell level left.
You knew the following spells:

 Your Spells              Type           Power      Damage    Failure   Level
a - Confusing Touch       Hex            14%        N/A       13%         3
e - Ensorcelled Hibernat  Hex/Ice        18%        N/A       12%         2

Your spell library contained the following spells:

 Spells                   Type           Power      Damage    Failure   Level
 Tukima's Dance           Hex            14%        N/A       13%         3
 Dazzling Flash           Conj/Hex       16%        N/A       26%         3


Dungeon Overview and Level Annotations

Branches:
Dungeon (2/15)

Altars:

Shops:
D:2 :

Annotations:
D:2 Natasha


Innate Abilities, Weirdness & Mutations

A weak demonic guardian rushes to your aid.


Message History

The endoplasm barely misses you.
You hit the endoplasm.
You kill the endoplasm!
You start resting.
HP restored.
You see here a ball python corpse.
You see here the +5 chain mail "Eho Meel" {rElec rC++ Dex-4 SInv}.
Found Rael's Book Emporium.
There is an entrance to Rael's Book Emporium here.
You now have 109 gold pieces (gained 10).
Natasha, Servant of Life and Death comes into view.
Natasha hisses angrily.
Natasha claws you but does no damage.
You hit Natasha.
Natasha is lightly wounded.
Natasha barely misses you.
You completely miss Natasha.
Natasha is lightly wounded.
Natasha claws you!
You closely miss Natasha.
Natasha is lightly wounded.
Natasha mumbles some strange words.
You hit Natasha but do no damage. Natasha claws you.
You hit Natasha.
Natasha is moderately wounded.
The cerulean imp hits you from afar with a +2 spear.
Natasha barely misses you.
You hit Natasha.
Natasha is heavily wounded.
The cerulean imp barely misses you. Natasha closely misses you.
You completely miss Natasha.
Natasha is heavily wounded.
The cerulean imp hits you from afar with a +2 spear!
* * * LOW HITPOINT WARNING * * *
A demonic guardian appears!
Natasha wildly gestures.
You feel disoriented. Natasha claws you!
You die...
Natasha curls up and begins to purr.

#.....#.##.∩.###.#
#.#.#..............
#.#.#.....######.#.
..........#
##........#
#.#.##.###
#....#...#
###....#.#######..#.
##.#.#....@h5.....
#...#######5....#
##### .##.# .. ##


You could see Natasha (ally target), a cerulean imp (summoned) and a friendly
white imp (summoned).

Vanquished Creatures
  A dart slug (D:1)
  5 endoplasms
  A giant cockroach (D:1)
  2 goblins (D:1)
  2 hobgoblins (D:1)
  3 jackals (D:1)
  2 quokkas (D:1)
  2 ball pythons
  2 bats (D:1)
  3 frilled lizards (D:1)
  2 kobolds (D:1)
  4 rats (D:1)
29 creatures vanquished.

Vanquished Creatures (collateral kills)
  A goblin (D:1)
  2 quokkas (D:1)
3 creatures vanquished.

Grand Total: 32 creatures vanquished

Notes
Turn   | Place    | Note
-------+----------+-------------------------------------------
     0 | D:1      | porpoise the Demonspawn Enchanter began the quest for the
                  | Orb.
     0 | D:1      | Reached XP level 1. HP: 13/13 MP: 3/3
    54 | D:1      | Reached skill level 1 in Short Blades
   151 | D:1      | Gained mutation: A weak demonic guardian rushes to your
                  | aid. [demonic ancestry]
   151 | D:1      | Reached XP level 2. HP: 14/19 MP: 5/5
   370 | D:1      | Learned a level 2 spell: Ensorcelled Hibernation
   586 | D:1      | Reached XP level 3. HP: 24/24 MP: 6/6
   590 | D:1      | Learned a level 3 spell: Confusing Touch
   610 | D:1      | Found a faded altar of an unknown god.
  1017 | D:2      | Identified the +5 chain mail "Eho Meel" {rElec rC++ Dex-4
                  | SInv}
  1018 | D:2      | Found Rael's Book Emporium.
  1038 | D:2      | Noticed Natasha
  1048 | D:2      | Mangled by Natasha

Illustrated notes

Levels and vault maps discovered:
D:1:      ebering_trefoil_3fold, layout_basic, shapermc_ecumenical_altar_ellora
D:2:      layout_basic, serial_shops, nicolae_shop_stone,
          roderic_three_in_a_row, uniq_natasha

Skill      XL: |  1 |
---------------+----+-----
Short Blades   | 1 |  1.8
Dodging        | |  1.7
Stealth        | |  2.6
Spellcasting   | |  2.3
Hexes          | |  3.4
Ice Magic      | |  0.5

Action                     || total
---------------------------++-------
  Melee: Dagger            ||   119
   Stab: Sleeping          ||     7
 Armour: Robe              ||    51
  Dodge: Dodged            ||    60

Table legend: (Time is in decaauts)
 A = Elapsed time spent in this place.
 B = Non-inter-level travel time spent in this place.
 C = Inter-level travel time spent in this place.
 D = Time resting spent in this place.
 E = Time spent auto-exploring this place.
 F = Levels seen in this place.
 G = Mean time per level.
                   A        B        C        D        E       F      G
               +--------+--------+--------+--------+--------+-----+--------+
         Total |   1040 |   1038 |      2 |    217 |    527 |   2 |  520.0 |
       Dungeon |   1040 |   1038 |      2 |    217 |    527 |   2 |  520.0 |
               +--------+--------+--------+--------+--------+-----+--------+

Top non-repeatable levels by time:
     D:1: 967 daAuts
     D:2: 72 daAuts
